 Dungeon Crawl Stone Soup version 0.21-b1-21-g86478ac (webtiles) character file.

407 FastMan the Skirmisher (level 6, -1/40 HPs)
             Began as a Gargoyle Fighter on Jan 5, 2018.
             Was an Initiate of Okawaru.
             Killed by divine providence
             ... invoked by an orc priest
              (17 damage)
             ... on level 5 of the Dungeon.
             The game lasted 00:02:17 (2812 turns).

FastMan the Skirmisher (Gargoyle Fighter)           Turns: 2812, Time: 00:02:18

Health: -1/40      AC: 11    Str: 20    XL:     6   Next: 88%
Magic:  6/6        EV:  7    Int:  9    God:    Okawaru [......]
Gold:   85         SH:  9    Dex: 10    Spells: 5/5 levels left

rFire    . . .     SeeInvis .   a - +0 war axe
rCold    . . .     Gourm    .   c - +0 shield
rNeg     + . .     Faith    .   b - +0 scale mail
rPois    ∞         Spirit   .   (no helmet)
rElec    +         Reflect  .   (no cloak)
rCorr    +         Harm     .   (no gloves)
MR       .....                  (no boots)
Stlth    ..........             (no amulet)
HPRegen  0.13/turn              r - ring of resist corrosion
MPRegen  0.10/turn              (no ring)

@: no status effects
A: negative energy resistance 1, electricity resistance, unbreathing,
petrification resistance, rot immunity, AC +4
a: Renounce Religion


You were on level 5 of the Dungeon.
You worshipped Okawaru.
Okawaru was noncommittal.
You were not hungry.

You visited 2 branches of the dungeon, and saw 6 of its levels.

You collected 85 gold pieces.

Inventory:

Hand Weapons
 a - a +0 war axe (weapon)
 h - a +0 trident
Armour
 b - a +0 scale mail (worn)
 c - a +0 shield (worn)
 s - a scarf of spirit shield
Jewellery
 r - a ring of resist corrosion (left hand)
Scrolls
 e - 2 scrolls of remove curse {unknown}
 g - a scroll of immolation {unknown}
 i - a scroll of blinking {unknown}
 j - a scroll of random uselessness {unknown}
 k - a scroll of identify {unknown}
 n - a scroll of amnesia {unknown}
 o - 3 scrolls of fog {unknown}
 q - a scroll of enchant armour {unknown}
Potions
 d - a potion of might {@q4}
 l - a potion of magic {unknown}
 p - a potion of degeneration {unknown}
Comestibles
 f - 7 rations
 m - 2 chunks of flesh


   Skills:
 + Level 5.4 Fighting
 * Level 5.3 Axes
 - Level 3.2 Armour
 - Level 3.2 Shields


You had 5 spell levels left.
You didn't know any spells.

Dungeon Overview and Level Annotations

Branches:
Dungeon (5/15)             Temple (1/1) D:4

Altars:
Ashenzari
Cheibriados
Dithmenos
Elyvilon
Makhleb
Okawaru
Ru
Sif Muna
Trog
Zin


Innate Abilities, Weirdness & Mutations

You are resistant to torment.
Your stone body is resilient. (AC +4)
You are immune to poison.
You resist negative energy. (rN+)
You are resistant to electric shocks. (rElec)
You can survive without breathing.
You are immune to petrification.
You are immune to rotting.


Message History

The orc priest mumbles some strange prayers to Beogh against you.
Pain shoots through your body! The orc priest barely misses you.
You are too injured to fight recklessly!
You are too injured to fight recklessly!
You are too injured to fight recklessly!
You are too injured to fight recklessly!
You are too injured to fight recklessly!
You slash the orc priest!
The orc priest is severely wounded.
The orc priest barely misses you.
You are too injured to fight recklessly!
You closely miss the orc priest.
The orc priest is severely wounded.
The orc priest hits you with a club.
You are too injured to fight recklessly!
You barely miss the orc priest.
The orc priest is severely wounded.
The orc priest mumbles some strange prayers to Beogh against you.
Beogh smites you!
You die...

#.#
#.#
#.#
#.#
#.#
#.#
#.#
#.#
#@#
#o#
#{#
#.#
#..
###


You could see an orc priest.

Vanquished Creatures
  Eustachio (D:4)
  A scorpion (D:4)
  A centaur skeleton (D:4)
  2 worker ants (D:4)
  2 hound skeletons (D:4)
  6 adders
  An ooze (D:1)
  A worm (D:2)
  2 dart slugs
  3 leopard geckos
  3 orcs
  6 bats
  3 giant cockroaches
  3 goblins
  5 hobgoblins
  4 jackals (D:4)
  A frilled lizard (D:1)
  7 kobolds
  A quokka skeleton (D:4)
  4 rats
57 creatures vanquished.

Notes
Turn   | Place    | Note
-------+----------+-------------------------------------------
     0 | D:1      | FastMan the Gargoyle Fighter began the quest for the Orb.
     0 | D:1      | Reached XP level 1. HP: 14/14 MP: 1/1
   388 | D:1      | Reached XP level 2. HP: 19/19 MP: 2/2
   528 | D:2      | Reached XP level 3. HP: 23/24 MP: 3/3
  1377 | D:3      | Reached XP level 4. HP: 29/29 MP: 4/4
  1517 | D:4      | Noticed Eustachio
  1527 | D:4      | Reached XP level 5. HP: 34/34 MP: 5/5
  1843 | D:4      | Killed Eustachio
  1843 | D:4      | Reached skill level 5 in Fighting
  1843 | D:4      | Reached XP level 6. HP: 26/40 MP: 6/6
  1980 | D:4      | Found a staircase to the Ecumenical Temple.
  2009 | D:4      | Reached skill level 5 in Axes
  2025 | Temple   | Entered the Ecumenical Temple
  2067 | Temple   | Became a worshipper of Warmaster Okawaru
  2732 | D:5      | Entered Level 5 of the Dungeon
  2812 | D:5      | Killed from afar by an orc priest

Skill      XL: |  1  2  3  4  5  6 |
---------------+-------------------+-----
Axes           | 2 3 4 5 |  5.3
Fighting       | 4 5 |  5.4
Armour         | |  3.2
Shields        | |  3.2

Action                   |  1- 3 |  4- 6 || total
-------------------------+-------+-------++-------
Melee: War axe           |   108 |   183 ||   291
  Eat: Chunk             |     2 |     5 ||     7
Armor: Scale mail        |    90 |   131 ||   221
Dodge: Dodged            |    44 |    63 ||   107
Block: Shield            |    67 |    93 ||   160
